 Dungeon Sprint DCSS version 0.14-a0-3329-g86b2fc4 (webtiles) character file.

136 BluebellGnoll the Covert (level 4, 4/19 HPs)
             Began as a Felid Transmuter on Mar 16, 2014.
             Was an Initiate of Kikubaaqudgha.
             Quit the game in the Dungeon (Sprint IX: "|||||||||||||||||||||||||||||").
             The game lasted 00:04:55 (380 turns).

BluebellGnoll the Covert (Felid Transmuter)          Turns: 380, Time: 00:04:55

HP   4/19        AC  1     Str  6      XL: 4   Next: 98%
MP   7/10        EV 19     Int 15      God: Kikubaaqudgha [......]
Gold 0           SH  0     Dex 22      Spells:  3 memorised,  1 level left
Lives: 1, deaths: 0

rFire  . . .     SeeInvis +       - Unarmed
rCold  . . .     Clarity  .     (armour unavailable)
rNeg   . . .     Conserve .     (shield unavailable)
rPois  .         rCorr    .     (helmet unavailable)
rElec  .         rRot     .     (cloak unavailable)
SustAb . .       Spirit   .     (gloves unavailable)
rMut   .         Warding  .     (boots unavailable)
Saprov . . .     NoTele   +     (no amulet)
MR     .....                    n - +3 ring of dexterity
                                m - +3 ring of dexterity

@: appendage (expiring), quick, not resistant to hostile enchantments,
extraordinarily stealthy
A: paw claws, no armour, no weapons or thrown items, fangs 3, horns 2, see
invisible, carnivore 3, speed 1, shaggy fur 1, slow metabolism 1, jump 1
a: Jump Attack, End Transformation, Renounce Religion


You were in the Dungeon.
You worshipped Kikubaaqudgha.
Kikubaaqudgha was noncommittal.
You were full.
You had grown temporary horns.
You visited 1 branch

Inventory:

Missiles
 b - 10 arrows
Magical devices
 l - a wand of cold (7)
Comestibles
 a - a meat ration
Scrolls
 i - 3 scrolls of remove curse
 j - 2 scrolls of blinking
 k - 2 scrolls of amnesia
Jewellery
 m - a +3 ring of dexterity (left paw)
 n - a +3 ring of dexterity (right paw)
Potions
 c - a potion of invisibility
 e - 5 potions of curing
 f - 3 potions of heal wounds
 g - a potion of haste
 h - 4 potions of magic
Books
 d - a book of Changes

   Spells                             Type                      Level
   *Beastly Appendage                 Transmutation                1
   *Sticks to Snakes                  Transmutation                2
   *Spider Form                       Transmutation/Poison         3
   Ice Form                           Ice/Transmutation            4
   Blade Hands                        Transmutation                5


   Skills:
 - Level 1.0 Fighting
 - Level 2.6 Dodging
 - Level 13.3 Stealth
 - Level 3.0 Unarmed Combat
 - Level 2.0 Spellcasting
 + Level 2.3 Transmutations


You had one spell level left.
You knew the following spells:

 Your Spells              Type           Power        Failure   Level  Hunger
a - Beastly Appendage     Trmt           #.....       12%         1    #......
b - Sticks to Snakes      Trmt           #.........   14%         2    ###....
c - Spider Form           Trmt/Pois      #.........   43%         3    ####...


Dungeon Overview and Level Annotations

Branches:
Dungeon (1/1)

Altars:
Ashenzari
Cheibriados
Dithmenos
Elyvilon
Fedhas
Kikubaaqudgha
Makhleb
Nemelex Xobeh
Okawaru
Sif Muna
Trog
Vehumet
Xom
Yredelemnul
Zin
The Shining One


Innate Abilities, Weirdness & Mutations

You cannot wear armour.
You are incapable of wielding weapons or throwing items.
Your paws have sharp claws.*
You have razor-sharp teeth.*
You have supernaturally acute eyesight.
You are carnivorous and can eat meat at any time.
You cover ground quickly.*
You are covered in fur (AC +1).*
You have a slow metabolism.
You can jump attack at a short distance.
You have a pair of horns on your head.*


Message History

You scratch the hippogriff but do no damage.
You headbutt the hippogriff.
You bite the hippogriff, but do no damage.
The hippogriff is lightly wounded.
The crimson imp closely misses you.
You scratch the hippogriff.
The hippogriff begins to bleed from its wounds!
The hippogriff is lightly wounded.
The hippogriff bites you. The hippogriff barely misses you.
The hippogriff completely misses you.
The crimson imp blinks!
The crimson imp misses you.
You scratch the hippogriff.
You bite the hippogriff, but do no damage.
The hippogriff is lightly wounded.
Your transformation is almost over.
The hippogriff bites you! The hippogriff completely misses you.
The hippogriff claws you.
* * * LOW HITPOINT WARNING * * *
The crimson imp completely misses you.
Are you sure you want to abandon this character and quit the game? (Confirm with "yes".) ▓▓▓▓▓▓▓▓▓▓▓▓▓▓▓▓▓▓▓▓▓▓▓▓▓▓▓▓▓ ___________'..|5@HSbz'......+ ▓▓▓▓▓▓▓▓▓▓▓▓▓▓▓▓▓▓▓▓▓▓▓▓▓▓▓▓▓

You could see a hippogriff (bleeding), a crimson imp, an adder, a bat and an adder skeleton.

Vanquished Creatures
  A centaur (D)
  A hound (D)
  An adder (D)
  An orc (D)
  A ball python (D)
  A bat (D)
  2 hobgoblins (D)
  A giant newt (D)
  2 rats (D)
11 creatures vanquished.

Notes
Turn   | Place    | Note
--------------------------------------------------------------
     0 | D        | BluebellGnoll, the Felid Transmuter, began the quest for the Orb.
     0 | D        | Reached XP level 1. HP: 9/9 MP: 4/4
    14 | D        | Reached skill level 4 in Stealth
    40 | D        | Noticed a centaur
    40 | D        | Noticed a hound
    48 | D        | Killed a centaur
    48 | D        | Reached skill level 11 in Stealth
    48 | D        | Reached XP level 2. HP: 1/12 MP: 3/5
    48 | D        | Reached XP level 3. HP: 1/15 MP: 4/8
    48 | D        | Reached XP level 4. HP: 1/19 MP: 5/10
    51 | D        | Killed a hound
    51 | D        | Reached skill level 12 in Stealth
    52 | D        | Reached skill level 13 in Stealth
    75 | D        | Learned a level 2 spell: Sticks to Snakes
    79 | D        | Learned a level 3 spell: Spider Form
    83 | D        | Found a blossoming altar of Fedhas.
    83 | D        | Found a deep blue altar of Sif Muna.
    83 | D        | Found a glowing silver altar of Zin.
    83 | D        | Found a shattered altar of Ashenzari.
    83 | D        | Found a bloodstained altar of Trog.
    83 | D        | Found a burning altar of Makhleb.
    83 | D        | Found an iron altar of Okawaru.
    84 | D        | Found a sparkling altar of Nemelex Xobeh.
    85 | D        | Found a shadowy altar of Dithmenos.
    86 | D        | Found a snail-covered altar of Cheibriados.
    87 | D        | Found a basalt altar of Yredelemnul.
    88 | D        | Found a glowing golden altar of the Shining One.
    89 | D        | Found a radiant altar of Vehumet.
    90 | D        | Found a white marble altar of Elyvilon.
    91 | D        | Found a shimmering altar of Xom.
    92 | D        | Found an ancient bone altar of Kikubaaqudgha.
    93 | D        | Found an iron altar of Okawaru.
    94 | D        | Found a shadowy altar of Dithmenos.
   117 | D        | Became a worshipper of Kikubaaqudgha
   359 | D        | Noticed a hippogriff
   359 | D        | Noticed a crimson imp
   380 | D        | Quit the game

Action                   |  1- 3 |  4- 6 || total
-------------------------+-------+-------++-------
Melee: Unarmed           |    14 |    19 ||    33
 Cast: Beastly Appendage |     2 |     1 ||     3
       Sticks to Snakes  |       |     2 ||     2
  Use: Potion            |     1 |       ||     1
 Stab: Sleeping          |       |     1 ||     1
